Map: Newkirk Precinct TE (Void)

Players

Trizztein - Winner!

  • Race: Terran Terran
  • Spawn Location: 7:00

A.I. 1 (Easy)

  • Race: Terran Terran
  • Spawn Location: 5:00

VOD

Have the link to the VOD?

Description

Time

  • Played on: Dec. 7, 2016, 4:18 p.m.
  • Length: 11:03
Show
View Real Time Build Order
Export as new Build Order

Trizztein Terran - Winner!

Build Orders: 1/1/1, Mech, Banshee Rush 

Get SALT Encoding   

  12  0:00  SCV  
  13  0:13  SCV  
  14  0:19  Supply Depot  
  14  0:25  SCV  
  15  0:30  Refinery  
  15  0:41  SCV  
  16  0:47  Barracks  
  16  0:54  SCV  
  17  1:06  SCV  
  18  1:18  SCV  
  19  1:35  Orbital Command, Marine  
  19  1:37  Factory  
  20  1:44  Refinery  
  20  1:49  Supply Depot  
  20  2:01  SCV  
  21  2:13  Marine  
  22  2:19  SCV  
  22  2:22  Starport  
  23  2:24  Hellion  
  23  2:29  Supply Depot  
  25  2:30  Marine  
  25  2:31  SCV  
  27  2:44  SCV  
  28  2:47  Factory Tech Lab  
  28  2:48  Marine  
  29  2:56  SCV  
  30  3:11  Cloaking Field  
  30  3:12  Banshee  
  33  3:22  Command Center  
  33  3:28  SCV  
  34  3:34  Cyclone  
  34  3:38  Barracks Reactor  
  37  3:46  Supply Depot  
  37  4:07  Banshee  
  40  4:22  Factory  
  40  4:26  Hellion x2  
  40  4:30  SCV  
  45  4:35  Orbital Command  
  45  4:42  SCV  
  46  4:54  SCV  
  46  4:57  Supply Depot  
  47  5:03  SCV  
  47  5:07  SCV  
  49  5:13  Cyclone x2  
  55  5:15  SCV  
  55  5:20  Siege Tank  
  59  5:26  SCV  
  60  5:29  SCV  
  61  5:38  SCV  
  61  5:42  SCV  
  63  5:44  Command Center  
  63  5:50  SCV  
  63  5:51  Refinery  
  63  5:52  Refinery  
  63  5:54  SCV  
  65  5:59  Hellion  
  65  6:01  Siege Tank  
  70  6:06  Supply Depot  
  70  6:09  Supply Depot  
  70  6:27  Armory x2  
  70  6:28  SCV x2  
  72  6:33  Unknown  
  72  6:38  Siege Tank  
  72  6:39  Hellion  
  79  6:40  SCV x2  
  79  6:45  Hellion, Factory  
  81  6:48  Supply Depot  
  81  6:54  Supply Depot, SCV  
  81  6:56  SCV  
  83  7:06  SCV, Hellion  
  83  7:08  SCV  
  87  7:14  Orbital Command  
  87  7:18  SCV  
  87  7:20  SCV, Siege Tank  
  87  7:21  Refinery  
  92  7:29  Refinery  
  92  7:30  SCV  
  92  7:32  SCV  
  94  7:38  Supply Depot  
  94  7:40  SCV  
  94  7:41  Supply Depot  
  94  7:42  SCV  
  96  7:44  SCV  
  97  7:52  SCV, Siege Tank, Hellion x2, Factory Tech Lab  
  97  7:54  SCV  
  97  7:56  SCV  
  107  8:01  Terran Vehicle Weapons Level 1, Terran Vehicle And Ship Armor Level 1  
  107  8:03  Supply Depot  
  107  8:04  SCV  
  107  8:05  Supply Depot  
  108  8:08  SCV x2  
  110  8:13  Hellion x2  
  110  8:14  Siege Tank  
  117  8:24  SCV  
  117  8:25  SCV x2  
  120  8:29  Supply Depot  
  120  8:30  Siege Tank  
  120  8:33  Supply Depot  
  123  8:36  SCV, Infernal Pre-Igniter  
  123  8:37  SCV x2  
  123  8:39  Hellion x2  
  123  8:40  Starport Reactor  
  130  8:49  SCV x2  
  132  8:56  SCV  
  132  8:57  Siege Tank  
  136  9:15  Hellion x2  
  136  9:16  Siege Tank  
  143  9:17  Command Center  
  143  9:20  Viking x2  
  147  9:29  Thor  
  153  9:42  Hellion x2  
  157  9:50  Viking x2  
  161  9:57  Supply Depot  
  161  9:58  Supply Depot  
  161  9:59  Supply Depot  
  161  10:05  Hellion x2  
  165  10:11  Factory  
  165  10:13  Factory  
  165  10:18  Thor  
  165  10:19  Siege Tank, Engineering Bay  
  174  10:32  Hellion x2  
  175  10:58  Factory Reactor, Factory Tech Lab  
  175  11:00  Sensor Tower, Refinery  
  175  11:01  Refinery  
Show
View Real Time Build Order
Export as new Build Order

A.I. 1 (Easy) Terran 

Build Orders:  

Get SALT Encoding   

  12  0:00  SCV  
  13  0:13  SCV  
  14  0:20  Supply Depot  
  14  0:25  SCV  
  15  0:42  SCV  
  16  0:45  Barracks  
  16  0:46  Refinery  
  16  1:09  Supply Depot  
  16  1:21  Refinery  
  16  1:32  Orbital Command  
  16  1:33  Barracks Tech Lab  
  16  1:51  Marine  
  17  1:58  SCV  
  18  2:09  Marine  
  18  2:10  SCV  
  18  2:12  Supply Depot  
  20  2:22  SCV  
  21  2:27  Marine  
  22  2:34  SCV  
  23  2:45  Marauder  
  23  2:46  SCV  
  26  2:58  SCV  
  27  3:06  Marauder  
  29  4:37  SCV  
  26  4:48  Marine  
  26  4:49  SCV  
  23  5:01  SCV  
  23  5:06  Marine  
  25  5:14  SCV  
  26  5:17  Factory  
  26  5:19  Supply Depot  
  26  5:23  Command Center  
  26  5:24  Marine  
  26  5:26  SCV  
  27  5:38  SCV  
  27  5:42  Marauder  
  28  5:45  Supply Depot  
  27  5:50  SCV  
  28  6:02  SCV  
  28  6:03  Marine  
  30  6:05  Starport  
  30  6:14  SCV  
  31  6:21  Reaper  
  32  6:26  SCV  
  33  6:36  SCV  
  34  6:40  SCV  
  34  6:46  Refinery, Starport Tech Lab  
  35  6:48  SCV  
  35  6:49  Refinery  
  35  6:53  SCV, Marine  
  35  7:00  SCV  
  32  7:02  Hellion  
  32  7:04  Raven  
  32  7:05  SCV  
  34  7:12  SCV  
  34  7:15  Refinery  
  33  7:17  SCV  
  33  7:18  Marine  
  33  7:24  SCV  
  33  7:29  SCV  
  31  7:33  Hellion  
  31  7:36  SCV  
  28  7:41  SCV  
  28  7:47  Raven  
  28  7:48  Marauder  
  28  7:49  SCV  
  33  7:53  SCV  
  34  8:01  SCV  
  34  8:03  Hellion  
  34  8:05  SCV  
  38  8:13  SCV  
  38  8:17  SCV  
  38  8:18  Marine  
  40  8:25  SCV  
  39  8:29  SCV  
  40  8:36  Marauder  
  40  8:37  SCV  
  43  8:41  SCV  
  44  8:49  SCV  
  44  8:54  SCV  
  46  8:57  Reaper  
  46  9:01  SCV  
  48  9:06  SCV  
  49  9:13  SCV  
  50  9:18  SCV  
  51  9:25  SCV  
  51  9:29  Marine  
  51  9:30  SCV  
  54  9:37  SCV  
  55  9:42  SCV  
  48  9:47  Marine  
  48  9:50  SCV  
  45  9:54  SCV  
  45  9:56  Viking  
  45  9:58  Supply Depot  
  47  10:06  SCV  
  33  10:11  Hellion  
  31  10:18  SCV  
  29  10:26  Medivac  
  25  10:30  SCV  
Tags
 
Composition
Mech
Matchup
TvT
Opening
1/1/1
Race
Terran
Spawn Locations
Close Positions
Strategy
Banshee Rush
Add a new tag
Caveats
  • Supply blocks, unpowered buildings, or Contaminate may cause inaccurate times.
  • Supply counts are checked every 10 seconds.